 Dungeon Crawl Stone Soup version 0.28-a0-796-gd4f0d3f9b2 (webtiles) character file.

Game seed: 1264573956905769692

783 BinkBink the Magician (level 7, -12/36 HPs)
             Began as a Deep Elf Air Elementalist on Nov 6, 2021.
             Was a Follower of Vehumet.
             Mangled by Duvessa (22 damage)
             ... on level 4 of the Dungeon.
             The game lasted 00:10:33 (3723 turns).

BinkBink the Magician (Deep Elf Air Elementalist)   Turns: 3723, Time: 00:10:33

Health: -12/36     AC:  4    Str:  5    XL:     7   Next: 55%
Magic:  13/19      EV: 12    Int: 22    God:    Vehumet [*.....]
Gold:   22         SH:  0    Dex: 15    Spells: 19/20 levels left

rFire   . . .      SeeInvis .   r - +5 dire flail (protect)
rCold   . . .      Faith    .   (shield currently unavailable)
rNeg    . . .      Spirit   .   a - +0 robe
rPois   .          Reflect  .   (no helmet)
rElec   .          Harm     .   b - +1 cloak
rCorr   .          Rampage  .   (no gloves)
Will    .....                   (no boots)
Stlth   ++........              (no amulet)
HPRegen 0.12/turn               (no ring)
MPRegen 0.16/turn               (no ring)

@: no status effects
A: no striking features
a: Renounce Religion


You were on level 4 of the Dungeon.
You worshipped Vehumet.
Vehumet was aware of your devotion.
You visited 1 branch of the dungeon, and saw 4 of its levels.

You collected 126 gold pieces.
You spent 104 gold pieces at shops.

Inventory:

Hand Weapons
 p - a +0 fustibalus
 r - a +5 dire flail of protection (weapon)
Armour
 a - a +0 robe (worn)
 b - a +1 cloak (worn)
Scrolls
 c - a scroll of enchant armour {unknown}
 e - a scroll of blinking {unknown}
 f - a scroll of noise {unknown}
 g - a scroll of acquirement {unknown}
 h - 2 scrolls of magic mapping {unknown}
 i - a scroll of fear
 j - a scroll of enchant weapon
 l - a scroll of teleportation {unknown}
 n - a scroll of identify
 o - a scroll of fog
 q - a scroll of silence {unknown}
Potions
 d - a potion of curing
 k - a potion of degeneration {unknown}
 m - 2 potions of cancellation {unknown}


   Skills:
 - Level 2.4 Dodging
 - Level 2.4 Stealth
 + Level 7.3 Spellcasting
 + Level 4.7 Conjurations
 + Level 5.9 Air Magic


You had 19 spell levels left.
You knew the following spells:

 Your Spells              Type           Power      Damage    Failure   Level
a - Shock                 Conj/Air       100%       1d9       1%          1

Your spell library contained the following spells:

 Spells                   Type           Power      Damage    Failure   Level
 Freeze                   Ice            32%        1d5       9%          1
 Static Discharge         Conj/Air       31%        N/A       1%          2
 Swiftness                Air            34%        N/A       1%          3
 Corpse Rot               Necr/Air       42%        N/A       3%          2
 Airstrike                Air            17%        N/A       7%          4
 Dispel Undead            Necr           8%         3d8       63%         4
 Death Channel            Necr           4%         N/A       100%        6


Dungeon Overview and Level Annotations

Branches:
Dungeon (4/15)
 Temple: D:4-7

Altars:
Vehumet

Shops:
D:1 ?   D:2 ?   D:4 :

Annotations:
D:4 Duvessa


Message History

The zap hits Dowan!
Dowan is heavily wounded.
Duvessa hits you with a +6 short sword of protection.
Dowan casts a spell at Duvessa.
Duvessa seems to speed up.
The zap hits Duvessa.
Duvessa is heavily wounded.
The zap hits Dowan!
Dowan is almost dead.
Duvessa hits you with a +6 short sword of protection.
Dowan casts a spell.
Dowan blinks!
The zap hits Duvessa.
Duvessa is heavily wounded.
The zap hits Dowan.
Dowan is almost dead.
Duvessa misses you.
Duvessa hits you with a +6 short sword of protection!
Dowan casts a spell.
Dowan blinks!
You are too injured to fight recklessly!
Casting: Shock (safe; 1% risk of failure)
Confirm with . or Enter, or press ? or * to list all spells.
Aiming: Shock (safe; 1% risk of failure)
Press: ? - help, Shift-Dir - straight line, f/p - Duvessa
Aim: Duvessa, wielding a +6 short sword of protection and wearing a +0 scale mail (heavily wounded, fast, 81% to hit)
The zap hits Duvessa.
Duvessa is severely wounded.
The zap hits Dowan.
You kill Dowan!
Vehumet accepts your kill.
You feel your power returning.
Duvessa weeps, then rights herself and shakes her weapon.
Duvessa goes berserk!
Duvessa hits you with a +6 short sword of protection!
* * * LOW HITPOINT WARNING * * *
You feel better.
Duvessa hits you with a +6 short sword of protection!!
Ouch! That really hurt!
You die...

#...# .# #....
###.# #...# #)#
#...# #.# #....
#.# #..## #.#
#.... #.# #.##.
#e# #.##.
#@############.##.
#..............##.
#################.
#. ##


You could see Duvessa (berserk, fast).

Vanquished Creatures
  Grinder (D:3)
  Edmund (D:4)
  A black bear (D:4)
  A bullfrog (D:4)
  Dowan (D:4)
  A hound (D:4)
  Natasha (thrice) (D:3)
  An iguana (D:3)
  8 adders
  2 dart slugs
  2 orcs (D:3)
  A bat (D:2)
  10 endoplasms
  2 giant cockroaches
  5 goblins
  7 hobgoblins
  7 jackals (D:2)
  3 quokkas
  4 ball pythons
  5 frilled lizards
  3 kobolds
  3 rats (D:2)
72 creatures vanquished.

Notes
Turn   | Place    | Note
-------+----------+-------------------------------------------
     0 | D:1      | BinkBink the Deep Elf Air Elementalist began the quest for
                  | the Orb.
     0 | D:1      | Reached XP level 1. HP: 10/10 MP: 6/6
   268 | D:1      | Found Xaank's Magic Scroll Shoppe.
   320 | D:1      | Reached XP level 2. HP: 15/15 MP: 0/8
  1071 | D:2      | Found a radiant altar of Vehumet.
  1080 | D:2      | Reached XP level 3. HP: 19/19 MP: 2/10
  1084 | D:2      | Became a worshipper of Vehumet
  1263 | D:2      | Reached skill level 4 in Spellcasting
  1432 | D:2      | Found a faded altar of an unknown god.
  1697 | D:2      | Found Joen's Magic Scroll Shop.
  1731 | D:2      | Bought a scroll of identify for 24 gold pieces
  1731 | D:2      | Bought a scroll of identify for 24 gold pieces
  1755 | D:2      | Reached * piety under Vehumet
  1755 | D:2      | Offered knowledge of Freeze by Vehumet.
  1860 | D:2      | Reached XP level 4. HP: 24/24 MP: 9/12
  2375 | D:3      | Noticed Grinder
  2419 | D:3      | Paralysed by Grinder for 3 turns
  2444 | D:3      | Paralysed by Grinder for 7 turns
  2543 | D:3      | Killed Grinder
  2544 | D:3      | Reached skill level 5 in Spellcasting
  2544 | D:3      | Reached XP level 5. HP: 22/28 MP: 3/15
  2544 | D:3      | Reached XP level 6. HP: 25/32 MP: 3/16
  2691 | D:3      | Noticed Natasha
  2702 | D:3      | Killed Natasha
  2703 | D:3      | Reached skill level 5 in Air Magic
  2726 | D:3      | Noticed Natasha
  2729 | D:3      | Killed Natasha
  2730 | D:3      | Reached skill level 6 in Spellcasting
  2738 | D:3      | Noticed Natasha
  2746 | D:3      | Killed Natasha
  3176 | D:1      | Bought a scroll of fog for 28 gold pieces
  3176 | D:1      | Bought a scroll of identify for 28 gold pieces
  3222 | D:4      | Reached XP level 7. HP: 29/36 MP: 9/18
  3314 | D:4      | Found Horrat's Book Boutique.
  3471 | D:4      | Noticed Edmund
  3483 | D:4      | Killed Edmund
  3484 | D:4      | Reached skill level 7 in Spellcasting
  3702 | D:4      | Noticed Duvessa
  3704 | D:4      | Noticed Dowan
  3722 | D:4      | Killed Dowan
  3723 | D:4      | Mangled by Duvessa

Illustrated notes

Levels and vault maps discovered:
D:1:      wander_arrival_desolate, layout_basic, serial_shops, shop
D:2:      minmay_spotlight, layout_loops_ring,
          dreamdust_ecumenical_altar_angels_and_demons, serial_shops, shop,
          basic_altar, ebering_dispersal_statue_hall
D:3:      layout_rooms, uniq_natasha, uniq_grinder
D:4:      minmay_angry_zag, layout_basic, mainiacjoe_overflow_alcove_1,
          serial_shops, nicolae_inconvenience_store, uniq_duvessa, uniq_edmund

Skill      XL: |  1  2  3  4  5  6  7 |
---------------+----------------------+-----
Spellcasting   | 4 5 6 7 |  7.3
Air Magic      | 4 5 |  5.9
Conjurations   | 2 3 4 |  4.7
Dodging        | |  2.4
Stealth        | |  2.4

Action                   |  1- 3 |  4- 6 |  7- 9 || total
-------------------------+-------+-------+-------++-------
 Cast: Shock             |    78 |   104 |    25 ||   207
  Use: Scroll            |     2 |     1 |       ||     3
       Potion            |       |       |     1 ||     1
Armor: Robe              |     3 |     3 |       ||     6
Dodge: Dodged            |    14 |     8 |     6 ||    28

Table legend: (Time is in decaauts)
 A = Elapsed time spent in this place.
 B = Non-inter-level travel time spent in this place.
 C = Inter-level travel time spent in this place.
 D = Time resting spent in this place.
 E = Time spent auto-exploring this place.
 F = Levels seen in this place.
 G = Mean time per level.
                   A        B        C        D        E       F      G
               +--------+--------+--------+--------+--------+-----+--------+
         Total |   3724 |   3584 |    140 |      0 |   3123 |   4 |  931.0 |
       Dungeon |   3724 |   3584 |    140 |      0 |   3123 |   4 |  931.0 |
               +--------+--------+--------+--------+--------+-----+--------+

Top non-repeatable levels by time:
     D:2: 1265 daAuts
     D:1: 997 daAuts
     D:3: 946 daAuts
     D:4: 515 daAuts
